 Dungeon Crawl Stone Soup version 0.16-a0-331-g39fd2ee (webtiles) character file.

203 Kashira the Charmwright (level 5, -2/38 HPs)
             Began as a Mummy Skald on Sept 8, 2014.
             Slain by a worker ant (4 damage)
             ... on Level 4 of the Dungeon.
             The game lasted 00:09:46 (3410 turns).

Kashira the Charmwright (Mummy Skald)               Turns: 3410, Time: 00:09:46

HP  -2/38        AC  8     Str 15      XL: 5   Next: 51%
MP   2/9         EV  9     Int 11      God:
Gold 192         SH  0     Dex 12      Spells:  3 memorised,  4 levels left

rFire  x . .     SeeInvis .     a - +0 mace
rCold  + . .     Clarity  .     f - +0 ring mail
rNeg   + + +     rCorr    .     (no shield)
rPois  +         rRot     +     m - +2 helmet
rElec  .         Spirit   .     (no cloak)
SustAb .         Warding  .     (no gloves)
rMut   .         Stasis   .     (no boots)
Gourm  .                        (no amulet)
MR     .....                    (no ring)
                                (no ring)

@: singing, very slightly contaminated, not resistant to hostile enchantments,
very unstealthy
A: no food or potions, fire vulnerability, restore body, cold resistance 1,
negative energy resistance 3, poison resistance, torment resistance, unbreathing
a: Stop Singing


You were on level 4 of the Dungeon.
You were not hungry.

You visited 1 branch of the dungeon, and saw 4 of its levels.

You collected 192 gold pieces.

Inventory:

Hand weapons
 a - a +0 mace (weapon)
Missiles
 k - 3 javelins (quivered)
Armour
 b - a +0 leather armour
 f - a +0 ring mail (worn)
 m - a +2 helmet (worn)
 o - a +0 large shield
Scrolls
 d - 3 scrolls of identify
 g - a scroll of fear {unknown}
 h - a scroll of recharging
 i - a scroll of random uselessness {unknown}
 j - a scroll of noise
 l - 3 scrolls of remove curse
 n - a scroll of teleportation {unknown}
Books
 c - a book of Battle

   Spells                             Type                      Level
   *Infusion                          Charms                       1
   *Shroud of Golubria                Charms/Translocation         2
   *Song of Slaying                   Charms                       2
   Spectral Weapon                    Hexes/Charms                 3
   Regeneration                       Charms/Necromancy            3


   Skills:
 + Level 2.2 Fighting
 + Level 2.2 Maces & Flails
 + Level 0.1 Throwing
 + Level 1.2 Armour
 + Level 1.9 Dodging
 + Level 0.1 Stealth
 + Level 2.7 Spellcasting
 * Level 3.5 Charms
 + Level 0.5 Translocations


You had 4 spell levels left.
You knew the following spells:

 Your Spells              Type           Power        Failure   Level  Hunger
a - Infusion              Chrm           #.....       10%         1    N/A
b - Song of Slaying       Chrm           #.......     14%         2    N/A
c - Shroud of Golubria    Chrm/Tloc      #.........   24%         2    N/A

Dungeon Overview and Level Annotations

Branches:
Dungeon (4/15)
 Temple: D:4-7

Altars:
Elyvilon
Kikubaaqudgha
Makhleb
Okawaru
Zin

Shops:
D:3 *


Innate Abilities, Weirdness & Mutations

You do not eat or drink.
Your flesh is vulnerable to fire.
Your flesh is cold resistant.
You are immune to negative energy.
Your system is resistant to poisons.
You are immune to unholy pain and torment.
You can survive without breathing.


Message History

The worker ant bites you but does no damage.
You closely miss something. The worker ant bites you. Something hits you.
Something shocks you. The worker ant barely misses you.
You hit the worker ant but do no damage.
The worker ant is heavily wounded.
Something hits you.
* * * LOW HITPOINT WARNING * * *
Something shocks you.
* * * LOW HITPOINT WARNING * * *
The worker ant bites you.
* * * LOW HITPOINT WARNING * * *
Something hits you but does no damage.
Read which item? (? for menu, Esc to quit)
As you read the scroll labeled SOHILE TAXUP, it crumbles to dust.
It is a scroll of enchant armour.
Enchant which item? (? for menu, Esc to quit)
Your +1 helmet glows green for a moment.
You are no longer magically infusing your attacks.
The worker ant bites you.
You die...

.....#........#...#
.....+........#####
.##..#............#+###
.##+##................#
.....+.................
.....#...........>......
###..#............##+#.
##..#.....#+#...%#..#
.#...#.....#.'..@a'..+
.#...#.....#.#..#{'###
.....'.....+.#..#.....
...#+#.....#+#..#.......
###.....#+##.#..#.......
#..!..'.'..+..#...%..
#.....#.##+#..#.....
####+##.##.#..#....
#........#..#.


You could see a worker ant.

Vanquished Creatures
  Natasha (thrice) (D:3)
  9 adders
  A giant mite (D:3)
  2 worms (D:2)
  6 orcs
  A bat zombie (D:3)
  3 giant cockroaches (D:2)
  9 goblins
  6 hobgoblins
  3 jackals (D:3)
  6 bats
  3 giant geckos
  6 giant newts
  7 kobolds
  3 rats
  A rat zombie (D:3)
69 creatures vanquished.

Vanquished Creatures (others)
  A rat (D:1)
1 creature vanquished.

Grand Total: 70 creatures vanquished

Notes
Turn   | Place    | Note
--------------------------------------------------------------
     0 | D:1      | Kashira, the Mummy Skald, began the quest for the Orb.
     0 | D:1      | Reached XP level 1. HP: 16/16 MP: 3/3
   678 | D:1      | Reached XP level 2. HP: 17/22 MP: 1/4
   919 | D:2      | Found a burning altar of Makhleb.
   919 | D:2      | Noticed a green death
   976 | D:2      | Reached skill level 1 in Dodging
  1001 | D:2      | Reached XP level 3. HP: 23/27 MP: 0/6
  1005 | D:2      | Learned a level 2 spell: Song of Slaying
  1008 | D:2      | Learned a level 2 spell: Shroud of Golubria
  1140 | D:2      | Reached skill level 3 in Charms
  1273 | D:2      | Reached XP level 4. HP: 26/33 MP: 2/8
  1428 | D:2      | Reached skill level 1 in Armour
  2015 | D:3      | Noticed Natasha
  2023 | D:3      | Killed Natasha
  2023 | D:3      | Reached XP level 5. HP: 28/38 MP: 0/9
  2212 | D:3      | Found an iron altar of Okawaru.
  2463 | D:3      | Noticed Natasha
  2470 | D:3      | Killed Natasha
  2713 | D:3      | Found a white marble altar of Elyvilon.
  2787 | D:3      | Noticed Natasha
  2793 | D:3      | Killed Natasha
  2856 | D:3      | Found an ancient bone altar of Kikubaaqudgha.
  2868 | D:3      | Found Zin's Purification Station.
  2871 | D:3      | Found a glowing silver altar of Zin.
  3393 | D:4      | Noticed a sky beast
  3410 | D:4      | Slain by a worker ant

Action                   |  1- 3 |  4- 6 || total
-------------------------+-------+-------++-------
Melee: Mace              |    82 |   146 ||   228
Throw: Javelin           |     4 |       ||     4
 Cast: Infusion          |    14 |    22 ||    36
       Shroud of Golubri |     2 |    14 ||    16
       Song of Slaying   |       |     4 ||     4
  Use: Scroll            |       |     4 ||     4
